 Dungeon Crawl Stone Soup version 0.27-a0-242-ge0fc76b88b (webtiles) character file.

Game seed: 16814410975078117270

39 Borgoz the Slasher (level 3, -5/30 HPs)
             Began as a Ghoul Gladiator on Feb 3, 2021.
             Slain by an orc
             ... wielding a +0 mace
              (6 damage)
             ... on level 1 of the Dungeon.
             The game lasted 00:01:14 (1143 turns).

Borgoz the Slasher (Ghoul Gladiator)                Turns: 1143, Time: 00:01:15

Health: -5/30      AC:  4    Str: 17    XL:     3   Next: 45%
Magic:  2/2        EV: 12    Int:  3    God:
Gold:   24         SH:  0    Dex: 11    Spells: 2/2 levels left

rFire    . . .     SeeInvis .   a - +0 long sword
rCold    + . .     Faith    .   (no shield)
rNeg     + + +     Spirit   .   b - +0 leather armour
rPois    ∞         Reflect  .   c - +0 helmet
rElec    .         Harm     .   (no cloak)
rCorr    .         Rampage  .   (no gloves)
Will     .....                  (no boots)
Stlth    +.........             (no amulet)
HPRegen  0.00/turn              (no ring)
MPRegen  0.08/turn              (no ring)

@: no status effects
A: claws 1, cold resistance 1, negative energy resistance 3, inhibited
regeneration, torment resistance, unbreathing
a: no special abilities


You were on level 1 of the Dungeon.
You visited 1 branch of the dungeon, and saw 2 of its levels.

You collected 24 gold pieces.

Inventory:

Hand Weapons
 a - a +0 long sword (weapon)
Missiles
 d - 3 throwing nets (quivered)
Armour
 b - a +0 leather armour (worn)
 c - a +0 helmet (worn)
Scrolls
 e - a scroll of remove curse {unknown}
 f - 2 scrolls of teleportation {unknown}
 g - a scroll of enchant armour {unknown}
Potions
 h - a potion of curing {unknown}
 i - a potion of mutation {unknown}
 j - a potion of degeneration {unknown}


   Skills:
 + Level 2.7 Fighting
 * Level 3.3 Long Blades
 - Level 1.7 Throwing
 + Level 0.9 Armour
 + Level 3.0 Dodging


You had 2 spell levels left.
You didn't know any spells.
Your spell library was empty.

Dungeon Overview and Level Annotations

Branches:
Dungeon (2/15)

Altars:

Annotations:
D:2 Jessica, Robin


Innate Abilities, Weirdness & Mutations

You thrive by killing the living.
You are immune to poison.
You have sharp fingernails.
Your flesh is cold resistant. (rC+)
You are immune to negative energy. (rN+++)
You do not regenerate when monsters are visible.
You are immune to unholy pain and torment.
You can survive without breathing.


Message History

The orc hits you with a +0 mace.
Robin hits you from afar with a +0 spear.
You are too injured to fight recklessly!
The orc hits you with a +0 club. The orc hits you with a +0 flail.
* * * LOW HITPOINT WARNING * * *
The orc completely misses you.
Robin roars a battlecry!
The goblin goes into a battle-frenzy!
You climb upwards.
There is a stone staircase leading down here.
You barely miss the orc. The orc hits you but does no damage.
The orc hits you with a +0 flail.
* * * LOW HITPOINT WARNING * * *
The orc hits you with a +0 mace.
* * * LOW HITPOINT WARNING * * *
You barely miss the orc. The orc barely misses you.
The orc hits you with a +0 flail.
* * * LOW HITPOINT WARNING * * *
The orc hits you with a +0 mace.
You die...

..........# #...............##
####.####.# ###...####.##...##
####.####.# #...# #.##.....
..........# #...# #.##...##
#.##.###..# #...# #.##...##
..##.##...########...####........
...........##..............#..#.#
..##.##........)oo............#.#
..##.##.##.##..o@).........#....#
..##.##.##.#######...####..#.##.#
####.##.##.# #...# #........
#.......# #...# ##...(..#
#####.#### #.(.# ####....
#.....#### #####...# #.#.#
#.####...# #.......########.#.#
#.####...###.####........##.#..
###.##.......#.#####.#####.##.###


You could see 3 orcs.

Vanquished Creatures
  2 dart slugs (D:1)
  An orc (D:2)
  A giant cockroach (D:1)
  9 goblins (D:1)
  3 hobgoblins (D:1)
  3 jackals (D:1)
  3 bats (D:1)
  A frilled lizard (D:1)
  6 kobolds (D:1)
  2 rats (D:1)
31 creatures vanquished.

Notes
Turn   | Place    | Note
-------+----------+-------------------------------------------
     0 | D:1      | Borgoz the Ghoul Gladiator began the quest for the Orb.
     0 | D:1      | Reached XP level 1. HP: 17/17 MP: 0/0
    83 | D:1      | Reached XP level 2. HP: 10/25 MP: 1/1
   862 | D:2      | Noticed Robin
   862 | D:2      | Noticed Jessica
   868 | D:1      | Reached XP level 3. HP: 18/30 MP: 2/2
  1143 | D:1      | HP: 1/30 [orc/+0 flail (3)]
  1143 | D:1      | Slain by an orc

Illustrated notes

Levels and vault maps discovered:
D:1:      minmay_arrival_doors, layout_loops_cross
D:2:      layout_loops_ring, zin_treasury, grunt_ministairs_2, minivault_4,
          uniq_robin, uniq_jessica

Skill      XL: |  1  2  3 |
---------------+----------+-----
Long Blades    | 3 |  3.3
Dodging        | 3 |  3.0
Fighting       | |  2.7
Throwing       | |  1.7
Armour         | |  0.9

Action                   || total
-------------------------++-------
Melee: Long sword        ||    61
Throw: Throwing net      ||     1
Armor: Leather armour    ||    27
Dodge: Dodged            ||    66
       Rpst.: Long sword ||    25

Table legend: (Time is in decaauts)
 A = Elapsed time spent in this place.
 B = Non-inter-level travel time spent in this place.
 C = Inter-level travel time spent in this place.
 D = Time resting spent in this place.
 E = Time spent auto-exploring this place.
 F = Levels seen in this place.
 G = Mean time per level.
                   A        B        C        D        E       F      G
               +--------+--------+--------+--------+--------+-----+--------+
         Total |   1161 |   1128 |     33 |    401 |    551 |   2 |  580.5 |
       Dungeon |   1161 |   1128 |     33 |    401 |    551 |   2 |  580.5 |
               +--------+--------+--------+--------+--------+-----+--------+

Top non-repeatable levels by time:
     D:1: 1149 daAuts
     D:2: 11 daAuts
